 Dungeon Crawl Stone Soup version 0.22.1-1-ga44c0e56f4 (webtiles) character file.

247 Peloso the Covered (level 5, 0/47 HPs)
             Began as a Minotaur Fighter on Oct 27, 2018.
             Was an Initiate of Okawaru.
             Slain by Pikel
             ... wielding a +2 whip of freezing
              (3 damage)
             ... on level 4 of the Dungeon.
             The game lasted 00:04:41 (2158 turns).

Peloso the Covered (Minotaur Fighter)               Turns: 2158, Time: 00:04:41

Health: 0/47       AC:  7    Str: 21    XL:     5   Next: 85%
Magic:  13/13      EV:  8    Int:  5    God:    Okawaru [......]
Gold:   89         SH:  9    Dex: 10    Spells: 4/4 levels left

rFire    . . .     SeeInvis .   a - +2 falchion (holy)
rCold    . . .     Gourm    .   c - +0 shield
rNeg     . . .     Faith    .   b - +0 scale mail
rPois    .         Spirit   .   (helmet restricted)
rElec    .         Reflect  .   (no cloak)
rCorr    .         Harm     .   (no gloves)
MR       .....                  (no boots)
Stlth    ..........             (no amulet)
HPRegen  0.15/turn              q - ring of magical power
MPRegen  0.13/turn              (no ring)

@: no status effects
A: retaliatory headbutt, horns 2
a: Renounce Religion


You were on level 4 of the Dungeon.
You worshipped Okawaru.
Okawaru was noncommittal.
You were not hungry.

You visited 2 branches of the dungeon, and saw 5 of its levels.

You collected 89 gold pieces.

Inventory:

Hand Weapons
 a - a +2 falchion of holy wrath (weapon)
Armour
 b - a +0 scale mail (worn)
 c - a +0 shield (worn)
Jewellery
 q - a ring of magical power (left hand)
Wands
 s - a wand of random effects (30)
Scrolls
 e - 3 scrolls of teleportation {unknown}
 g - 7 scrolls of remove curse {unknown}
 h - 3 scrolls of enchant armour {unknown}
 n - 3 scrolls of identify {unknown}
 o - a scroll of amnesia {unknown}
 p - 3 scrolls of magic mapping {unknown}
Potions
 d - 3 potions of might
 j - a potion of mutation {unknown}
 k - a potion of haste {unknown}
 l - 2 potions of degeneration {unknown}
 m - a potion of magic {unknown}
 r - a potion of lignification {unknown}
Comestibles
 f - 5 rations


   Skills:
 + Level 4.3 Fighting
 + Level 4.6 Long Blades
 + Level 5.3 Armour
 + Level 1.3 Dodging
 + Level 4.6 Shields


You had 4 spell levels left.
You didn't know any spells.
Your spell library was empty.

Dungeon Overview and Level Annotations

Branches:
Dungeon (4/15)             Temple (1/1) D:4

Altars:
Ashenzari
Fedhas
Hepliaklqana
Makhleb
Okawaru
Ru
Sif Muna
Uskayaw
Xom
Yredelemnul
Zin

Annotations:
D:3 1 runed door, roosipov's ghost, amateur DEFi
D:4 Pikel


Innate Abilities, Weirdness & Mutations

You reflexively headbutt those who attack you in melee.
You have a pair of horns on your head.


Message History

You closely miss Pikel. You headbutt Pikel.
Pikel is heavily wounded.
You block Pikel's attack.
Unknown command.
You hit Pikel but do no damage.
Pikel is heavily wounded.
Pikel hits you with a whip of freezing.
* * * LOW HITPOINT WARNING * * *
Pikel freezes you.
* * * LOW HITPOINT WARNING * * *
You closely miss Pikel.
Pikel is heavily wounded.
Pikel hits you but does no damage.
Unknown command.
You feel better.
Pikel says, "Slavery isn't that bad."
Pikel hits you with a whip of freezing!
* * * LOW HITPOINT WARNING * * *
Pikel freezes you.
You die...

### ..# # ..# ##.
..##### .. #.....# #.#
#.....## .. .#.....###
.# ...#.....# ###K#
.#....##.######.@.# #
......##......#.##....#
...........##.#.##.####
...#..###.......#..#
..................####
...#..<....>..........
......................
...#................##
. ......#.....#.....(.#
.#


You could see Pikel.

Vanquished Creatures
  2 orc wizards (D:4)
  2 worker ants (D:4)
  7 adders
  An ooze (D:1)
  An adder skeleton (D:2)
  3 worms
  3 dart slugs
  3 leopard geckos (D:3)
  3 orcs (D:4)
  3 giant cockroaches (D:3)
  3 goblins
  4 hobgoblins
  9 kobolds
  3 quokkas
  A ball python (D:4)
  2 bats
  2 frilled lizards
  A quokka skeleton (D:4)
  7 rats
60 creatures vanquished.

Notes
Turn   | Place    | Note
-------+----------+-------------------------------------------
     0 | D:1      | Peloso the Minotaur Fighter began the quest for the Orb.
     0 | D:1      | Reached XP level 1. HP: 19/19 MP: 0/0
   102 | D:1      | Reached XP level 2. HP: 19/27 MP: 1/1
   231 | D:1      | Reached skill level 4 in Armour
   372 | D:2      | HP: 1/27 [poisoned by an adder]
   382 | D:2      | Reached XP level 3. HP: 5/33 MP: 2/2
   833 | D:2      | Reached XP level 4. HP: 39/40 MP: 3/3
   885 | D:2      | Found a burning altar of Makhleb.
  1119 | D:3      | Found a glowing drain.
  1231 | D:3      | Found a runed door.
  1231 | D:3      | Noticed roosipov's ghost (amateur DEFi)
  1239 | D:3      | Reached skill level 1 in Dodging
  1622 | D:4      | Reached XP level 5. HP: 38/46 MP: 4/4
  1729 | D:4      | Reached skill level 5 in Armour
  1759 | D:4      | Found a staircase to the Ecumenical Temple.
  1768 | Temple   | Entered the Ecumenical Temple
  1803 | Temple   | Became a worshipper of Warmaster Okawaru
  2144 | D:4      | Noticed Pikel
  2158 | D:4      | Slain by Pikel

Skill      XL: |  1  2  3  4  5 |
---------------+----------------+-----
Armour         | 4 5 |  5.3
Fighting       | 4 |  4.3
Shields        | 4 |  4.6
Long Blades    | 3 4 |  4.6
Dodging        | 1 |  1.3

Action                   |  1- 3 |  4- 6 || total
-------------------------+-------+-------++-------
Melee: Long sword        |    65 |       ||    65
       Headbutt          |     9 |    18 ||    27
       Falchion          |    11 |   102 ||   113
  Use: Potion            |     1 |     1 ||     2
  Eat: Chunk             |       |     4 ||     4
Armor: Scale mail        |    47 |    45 ||    92
Dodge: Dodged            |    28 |    33 ||    61
Block: Shield            |    48 |    65 ||   113
       Rpst.: Long sword |     5 |       ||     5
       Falchion          |       |     8 ||     8
